 Dungeon Crawl Stone Soup version 0.24-a0-397-g73b976d855 (webtiles) character file.

Game seed: 15523491285398318242

427 Ijustatesigmund the Cudgeler (level 6, -1/63 HPs)
             Began as an Octopode Fighter on June 4, 2019.
             Slain by a sky beast (5 damage)
             ... on level 5 of the Dungeon.
             The game lasted 00:06:49 (3326 turns).

Ijustatesigmund the Cudgeler (Octopode Fighter)     Turns: 3326, Time: 00:06:51

Health: -1/63      AC:  1    Str: 21    XL:     6   Next: 97%
Magic:  15/15      EV: 12    Int: 13    God:
Gold:   235        SH: 10    Dex: 13    Spells: 5/5 levels left

rFire    . . .     SeeInvis .   a - +1 flail (holy)
rCold    . . .     Gourm    .   b - +1 shield
rNeg     . . .     Faith    .   (helmet restricted)
rPois    .         Spirit   .   f - amulet of rage
rElec    .         Reflect  .   e - ring of magical power
rCorr    .         Harm     .   q - +3 ring of intelligence
MR       .....                  (no ring)
Stlth    ..........             (no ring)
HPRegen  0.20/turn              (no ring)
MPRegen  0.14/turn              (no ring)
                                (no ring)
                                (no ring)

@: berserking, starving, hasted, very quick
A: almost no armour, stealthy swim, amphibious, 8 rings, constrict 8, camouflage
1, gelatinous body 1
a: Evoke Berserk Rage


You were on level 5 of the Dungeon.
You were starving.

You visited 1 branch of the dungeon, and saw 5 of its levels.

You collected 235 gold pieces.

Inventory:

Hand Weapons
 a - a +1 flail of holy wrath (weapon)
Missiles
 c - 4 boomerangs of dispersal (quivered)
Armour
 b - a +1 shield (worn)
Jewellery
 e - a ring of magical power (left tentacle)
 f - an amulet of rage (around mantle)
 q - a +3 ring of intelligence (right tentacle)
Scrolls
 i - a scroll of fog
 k - 2 scrolls of teleportation
 l - a scroll of remove curse
 n - a scroll of fear
Potions
 g - a potion of flight
 h - a potion of resistance
 m - 4 potions of brilliance
 o - a potion of haste
Comestibles
 d - 8 rations


   Skills:
 + Level 3.5 Fighting
 + Level 6.4 Maces & Flails
 + Level 3.4 Dodging
 + Level 3.4 Shields


You had 5 spell levels left.
You didn't know any spells.
Your spell library was empty.

Dungeon Overview and Level Annotations

Branches:
Dungeon (5/15)
 Temple: D:4-7

Altars:
Gozag
Kikubaaqudgha
Qazlal
Trog
The Shining One


Innate Abilities, Weirdness & Mutations

You cannot wear most types of armour.
You are very stealthy in the water. (Stealth+)
You are amphibious.
You can wear up to eight rings at the same time.
You can use your tentacles to constrict eight enemies at once.
Your skin changes colour to match your surroundings (Stealth+).
Your rubbery body absorbs attacks. (AC +1, EV +1)


Message History

You feel yourself moving faster!
You feel mighty!
You are starving!
The sky beast misses you.
Your shield prevents you from hitting the sky beast.
The sky beast is lightly wounded.
The howler monkey skeleton hits you.
* * * LOW HITPOINT WARNING * * *
The sky beast hits you.
* * * LOW HITPOINT WARNING * * *
The sky beast shocks you.
* * * LOW HITPOINT WARNING * * *
The rain has left you waist-deep in water!
Floosh!
You hit the sky beast but do no damage.
The sky beast is lightly wounded.
You block the howler monkey skeleton's attack.
The sky beast hits you.
* * * LOW HITPOINT WARNING * * *
The sky beast shocks you.
You die...

...........#
...........#
...........#
...........#
...........# #
...........# ..
#....Z....##...
#....Y@......##
#..............
#..............
#..............
###............
+............
#.......##+##
#.......#
#.......+


You could see a sky beast and a howler monkey skeleton.

Vanquished Creatures
  Sigmund (D:3)
  A scorpion (D:5)
  A crimson imp (D:5)
  A hound (D:2)
  An orc wizard (D:3)
  A worker ant (D:4)
  An adder (D:4)
  An ooze (D:4)
  2 adder skeletons (D:4)
  2 worms
  A dart slug (D:3)
  3 leopard geckos
  14 orcs
  7 bats
  A giant cockroach (D:4)
  3 goblins
  3 hobgoblins (D:1)
  2 jackals (D:3)
  4 quokkas
  A ball python (D:2)
  2 frilled lizards
  7 kobolds
  6 rats
66 creatures vanquished.

Vanquished Creatures (others)
  4 toadstools (D:1)
4 creatures vanquished.

Grand Total: 70 creatures vanquished

Notes
Turn   | Place    | Note
-------+----------+-------------------------------------------
     0 | D:1      | Ijustatesigmund the Octopode Fighter began the quest for
                  | the Orb.
     0 | D:1      | Reached XP level 1. HP: 16/16 MP: 1/1
   178 | D:1      | Reached XP level 2. HP: 18/21 MP: 2/2
   411 | D:1      | Reached skill level 3 in Maces & Flails
   842 | D:2      | Reached XP level 3. HP: 26/26 MP: 3/3
  1021 | D:2      | Reached skill level 4 in Maces & Flails
  1150 | D:2      | Reached XP level 4. HP: 28/31 MP: 4/4
  1213 | D:2      | You fall into a shaft and drop 1 floor!
  1231 | D:3      | Found a glowing golden altar of the Shining One.
  1479 | D:2      | Noticed an earth elemental
  1481 | D:2      | Found a stormy altar of Qazlal.
  1482 | D:2      | Noticed a fire elemental
  1482 | D:2      | Noticed an air elemental
  1482 | D:2      | Noticed a water elemental
  1851 | D:2      | Found a bloodstained altar of Trog.
  1917 | D:3      | Noticed Sigmund
  1922 | D:3      | Killed Sigmund
  1922 | D:3      | Reached skill level 6 in Maces & Flails
  1922 | D:3      | Reached XP level 5. HP: 24/36 MP: 5/5
  1922 | D:3      | Reached XP level 6. HP: 28/42 MP: 6/6
  2740 | D:4      | Found an opulent altar of Gozag.
  2872 | D:4      | Found an ancient bone altar of Kikubaaqudgha.
  3200 | D:5      | Entered Level 5 of the Dungeon
  3312 | D:5      | Noticed a sky beast
  3326 | D:5      | Slain by a sky beast

Levels and vault maps discovered:
D:1:      ldierk_water_garden, layout_basic, serial_glass, glass_columns_b,
          glass_columns_b
D:2:      layout_basic, nicolae_qazlal_style_of_elements, minmay_door_square,
          trog_butcher_becter
D:3:      layout_basic, nicolae_tso_carved_into_rock, uniq_sigmund
D:4:      minmay_razor_zed, layout_rooms, lemuel_crystal_altar,
          nicolae_overflow_hidden_temple, first_ration
D:5:      layout_gridville, serial_shops, nicolae_shop_waterfront,
          hangedman_abyss_or_decor_stagger, nicolae_ru_path_of_blood

Skill      XL: |  1  2  3  4 |
---------------+-------------+-----
Maces & Flails | 3 4 6 |  6.4
Fighting       | |  3.5
Dodging        | |  3.4
Shields        | |  3.4

Action                   |  1- 3 |  4- 6 || total
-------------------------+-------+-------++-------
Melee: Flail             |    50 |    82 ||   132
       Constrict         |    14 |    22 ||    36
       Tentacles         |    10 |    18 ||    28
 Abil: Evoke Berserk Rag |       |     1 ||     1
  Use: Scroll            |     5 |     8 ||    13
       Potion            |       |     5 ||     5
 Stab: Sleeping          |     6 |     9 ||    15
  Eat: Chunk             |       |     6 ||     6
Armor: Skin              |     6 |     3 ||     9
Dodge: Dodged            |    20 |    24 ||    44
Block: Shield            |    24 |    33 ||    57

Table legend:
 A = Non-vault XP
 B = Vault XP
 C = Vault XP percentage of total XP
 D = Non-vault monster count
 E = Vault monster count
 F = Vault count percentage of total count
                 A         B        C        D         E       F
            +---------+---------+-------+---------+---------+-------
      Total |     327 |     284 |  46.5 |      56 |      10 |  15.2
            +---------+---------+-------+---------+---------+-------
        D:1 |      27 |       0 |   0.0 |      18 |       0 |   0.0
        D:2 |      63 |      10 |  13.7 |      10 |       4 |  28.6
        D:3 |      93 |     231 |  71.3 |      21 |       1 |   4.5
        D:4 |      30 |      43 |  58.9 |       5 |       5 |  50.0
        D:5 |     114 |       0 |   0.0 |       2 |       0 |   0.0
            +---------+---------+-------+---------+---------+-------
